AoeStats
← Runxi24

Oasis

507920017Analyzed
3v3 RM · 12d ago on Sep 20, 2026· 57m 4s· 6 players
Game mode
Random Map
Map size
Normal (6 player)
Population
200
Speed
Normal
Resources
Standard
Victory
Conquest
Starting age
Dark Age
Ending age
Imperial Age
RankedLock teamsTeams togetherTeam positionsShared explorationLock speedFull tech treeHidden civsTurbo modeCheats
Victory
Defeat
🇬🇧 Celts · United Kingdom
1220
+16
🇨🇳 Italians · China
1210
+17
🇪🇸 Bohemians · Spain
1210
+17
🇨🇭 Ethiopians · Switzerland
1290
-19
🇫🇷 Magyars · France
1224
-17
🇳🇨 Shu · New Caledonia
1162
-14
Kitasan Black
9:36 Feudal Age
10:16 Double-Bit Axe
15:53 Castle Age
14:15 Horse Collar
15:46 Gold Mining
16:51 Bow Saw
17:52 Scale Mail Armor
17:58 Scale Barding Armor
17:59 Loom
18:51 Wheelbarrow
22:42 Heavy Plow
23:31 Bloodlines
25:11 Stone Mining
26:39 Hand Cart
27:45 Fletching
29:30 Bodkin Arrow
29:55 Chain Barding Armor
30:54 Husbandry
30:43 Town Watch
32:02 Stone Shaft Mining
35:17 Imperial Age
33:46 Padded Archer Armor
33:47 Light Cavalry
35:37 Leather Archer Armor
35:33 Forging
36:06 Bracer
37:08 Plate Barding Armor
36:26 Cavalier
39:12 Chemistry
38:33 Ballistics
38:55 Crop Rotation
39:55 Conscription
39:49 Forging
40:14 Ring Archer Armor
41:46 Hussar
44:11 Forging
44:18 Elite Genoese Crossbowman
48:53 Iron Casting
49:23 Hoardings
52:59 Blast Furnace
McLagan
7:10 Loom
9:48 Feudal Age
10:47 Double-Bit Axe
14:51 Padded Archer Armor
16:12 Fletching
20:53 Castle Age
19:14 Gold Mining
19:17 Horse Collar
21:09 Crossbowman
21:52 Bodkin Arrow
22:45 Bow Saw
24:41 Wheelbarrow
26:24 Ballistics
27:02 Pikeman
28:40 Heavy Plow
30:26 Scale Mail Armor
30:46 Leather Archer Armor
35:35 Imperial Age
33:35 Stone Mining
34:59 Chain Mail Armor
34:55 Forging
35:27 Hand Cart
36:04 Stronghold
36:37 Conscription
35:39 Capped Ram
35:43 Halberdier
37:42 Gold Shaft Mining
37:52 Iron Casting
37:53 Elite Woad Raider
40:03 Plate Mail Armor
40:33 Blast Furnace
41:06 Town Watch
43:47 Ring Archer Armor
42:47 Siege Ram
43:36 Heavy Scorpion
47:18 Chemistry
46:37 Furor Celtica
50:03 Siege Engineers
50:09 Masonry
55:00 Man-at-Arms
55:26 Gambesons
56:36 Hoardings
Runxi24
11:25 Feudal Age
11:07 Loom
14:20 Double-Bit Axe
18:44 Fletching
24:19 Castle Age
23:29 Horse Collar
25:35 Padded Archer Armor
26:58 Chemistry
37:46 Fervor
37:53 Bodkin Arrow
39:52 Bow Saw
42:37 Imperial Age
41:11 Heavy Plow
41:09 Elite Skirmisher
42:51 Sanctity
43:14 Leather Archer Armor
43:27 Bracer
44:15 Ballistics
47:22 Pikeman
48:36 Ring Archer Armor
48:09 Scale Mail Armor
48:20 Forging
48:21 Squires
49:46 Town Watch
52:03 Wheelbarrow
Bob
6:49 Loom
9:22 Feudal Age
10:36 Double-Bit Axe
11:06 Horse Collar
11:41 Gold Mining
15:43 Fletching
17:24 Padded Archer Armor
23:50 Castle Age
23:42 Wheelbarrow
23:54 Crossbowman
24:41 Thumb Ring
25:42 Bow Saw
26:42 Ballistics
26:23 Bodkin Arrow
34:01 Hand Cart
37:17 Imperial Age
38:59 Two-Man Saw
37:55 Arbalester
38:50 Bracer
39:06 Leather Archer Armor
40:38 Chemistry
39:53 Heavy Plow
45:45 Ring Archer Armor
46:15 Conscription
45:55 Capped Ram
47:39 Siege Engineers
49:18 Siege Ram
50:39 Gold Shaft Mining
53:36 Light Cavalry
54:19 Husbandry
54:41 Hussar
55:34 Scale Barding Armor
55:39 Forging
K1ller401
7:03 Loom
9:27 Feudal Age
9:58 Double-Bit Axe
14:12 Scale Barding Armor
14:01 Horse Collar
20:49 Castle Age
20:21 Bloodlines
21:41 Bow Saw
22:25 Heavy Plow
22:18 Gold Mining
23:05 Husbandry
23:33 Chain Barding Armor
28:29 Wheelbarrow
31:52 Hand Cart
40:12 Imperial Age
40:10 Corvinian Army
41:39 Plate Barding Armor
41:54 Crop Rotation
42:26 Two-Man Saw
42:02 Gold Shaft Mining
41:17 Stone Mining
41:57 Conscription
41:16 Cavalier
42:31 Elite Magyar Huszar
45:42 Caravan
46:24 Paladin
52:45 Coinage
Chill Trip
7:10 Loom
9:29 Feudal Age
16:46 Double-Bit Axe
16:45 Horse Collar
23:32 Castle Age
21:48 Fletching
21:58 Padded Archer Armor
23:56 Crossbowman
25:43 Bow Saw
28:53 Bodkin Arrow
29:13 Leather Archer Armor
29:05 Gold Mining
29:34 Leather Archer Armor
32:55 Thumb Ring
38:15 Imperial Age
39:24 Arbalester
41:57 Bracer
42:27 Ring Archer Armor
42:24 Ballistics
43:53 Chemistry
Connection lost

Rejoining the realm…

Still unreachable

The connection could not be restored.

Session expired

The server has moved on; the page needs a fresh start.